 Dungeon Crawl Stone Soup version 0.31-a0-232-gb1c03b2570 (webtiles) character file.

Game seed: 16987157903860712257

24 qw the Shooter (level 3, 0/21 HPs)
             Began as a Gargoyle Hexslinger on July 7, 2023.
             Slain by Sigmund
             ... wielding a +1 scythe of flaming
              (1 damage)
             ... on level 2 of the Dungeon.
             The game lasted 00:00:21 (1075 turns).

qw the Shooter (Gargoyle Hexslinger)                Turns: 1075, Time: 00:00:22

Health: 0/21       AC:  8    Str: 11    XL:     3   Next: 2%
Magic:  4/4        EV: 10    Int: 13    God:
Gold:   108        SH:  0    Dex: 14    Spells: 3/4 levels left

rFire   . . .        Y - +2 sling
rCold   . . .        (no shield)
rNeg    + . .        g - +0 ring mail
rPois   inf          (no helmet)
rElec   +            (no cloak)
rCorr   .            (no gloves)
SInv    .            (no boots)
Will    .....        (no amulet) Stlth
                     (no ring)
HPRegen 0.23/turn    (no ring)
MPRegen 0.09/turn

%: no passive effects
@: confused
A: sickness immunity, AC +3, negative energy resistance 1, electricity
resistance, torment resistance 1, petrification resistance
a: no special abilities


You were on level 2 of the Dungeon.
You visited 1 branch of the dungeon, and saw 2 of its levels.

You collected 108 gold pieces.


Innate Abilities, Weirdness & Mutations

You are immune to sickness and miasma.
Your stone body is resilient. (AC +3)
You are immune to poison.
You resist negative energy. (rN+)
You are resistant to electric shocks. (rElec)
You are resistant to unholy torment.
You are immune to petrification.


   Skills:
 - Level 2.0 Fighting
 + Level 3.0 Ranged Weapons
 - Level 1.5 Dodging
 - Level 1.0 Spellcasting
 - Level 2.6 Hexes


You had 3 spell levels left.
You knew the following spells:

 Your Spells              Type           Power      Damage    Failure   Level
a - Slow                  Hex            28%        N/A       22%         1

Your spell library contained the following spells:

 Spells                   Type           Power      Damage    Failure   Level
 Inner Flame              Hex/Fire       4%         N/A       75%         3
 Portal Projectile        Hex/Tloc       8%         N/A       75%         3
 Cause Fear               Hex            3%         N/A       92%         4

Inventory:

Hand Weapons
 Y - a +2 sling (weapon)
Armour
 g - a +0 ring mail (worn)
Potions
 e - a potion of magic {unknown}
 h - a potion of attraction {unknown}

Dungeon Overview and Level Annotations

Branches:
Dungeon (2/15)

Altars:

Annotations:
D:2 Sigmund


Message History

The puff of flame hits you.
You shoot a sling bullet.
The sling bullet hits Sigmund but does no damage.
You shoot a sling bullet.
The sling bullet hits Sigmund but does no damage.
Sigmund barely misses you.
You shoot a sling bullet.
The sling bullet closely misses Sigmund.
Sigmund barely misses you.
You shoot a sling bullet. The sling bullet barely misses Sigmund.
Sigmund hits you from afar with a +1 scythe of flaming.
Sigmund burns you.
You shoot a sling bullet.
The sling bullet closely misses Sigmund.
Sigmund hits you but does no damage.
You shoot a sling bullet.
The sling bullet hits Sigmund but does no damage.
Sigmund barely misses you.
You shoot a sling bullet. The sling bullet hits Sigmund!
Sigmund is moderately wounded.
Sigmund points at you and mumbles some strange words.
You are confused.
Sigmund hits you but does no damage. Sigmund barely misses you.
Sigmund casts a spell at you.
You are more confused.
Sigmund hits you from afar with a +1 scythe of flaming.
Sigmund burns you. Sigmund hits you but does no damage.
Sigmund closely misses you.
Sigmund says, "Your kind have come here before.
I understand now why.
You desire death..."
Sigmund casts a spell at you.
You are more confused.
Sigmund closely misses you. Sigmund closely misses you.
Sigmund hits you from afar with a +1 scythe of flaming.
Sigmund burns you.
Sigmund hits you from afar with a +1 scythe of flaming!
Sigmund burns you.
You die...

#.####
#.#.. #.#.#
#.#.## #
#....##.###
#<.......<.
##...##.##
##.## #@#
#.# ..@
..#.. #.#
#.. #. .##
## ##


You could see Sigmund.

Vanquished Creatures
  3 dart slugs (D:1)
  3 endoplasms (D:1)
  A giant cockroach (D:1)
  2 goblins (D:1)
  2 hobgoblins (D:1)
  4 bats (D:1)
  A frilled lizard (D:1)
  2 rats (D:1)
18 creatures vanquished.

Notes
Turn   | Place    | Note
-------+----------+-------------------------------------------
     0 | D:1      | qw the Gargoyle Hexslinger began the quest for the Orb.
     0 | D:1      | Reached XP level 1. HP: 12/12 MP: 2/2
     0 | D:1      | 0 ||| qw: Version: 0.3-a-46-gb1f654a
     0 | D:1      | 0 ||| qw: Game counter: 2950
     0 | D:1      | 0 ||| qw: Melee chars always use a shield: true
     0 | D:1      | 0 ||| qw: God list: Okawaru
     0 | D:1      | 0 ||| qw: Allow faded altars: false
     0 | D:1      | 0 ||| qw: Do Orc after clearing Dungeon:15 true
     0 | D:1      | 0 ||| qw: Do second Lair branch before Depths: true
     0 | D:1      | 0 ||| qw: Lair rune preference: random
     0 | D:1      | 0 ||| qw: Goals: Normal
     0 | D:1      | 0 ||| PLANNING D:1-11
   189 | D:1      | 189 ||| FLEEEEING.
   190 | D:1      | 190 ||| FLEEEEING.
   208 | D:1      | Reached XP level 2. HP: 16/16 MP: 3/3
   274 | D:1      | Reached skill level 3 in Ranged Weapons
   566 | D:1      | Found a faded altar of an unknown god.
   944 | D:1      | Reached XP level 3. HP: 21/21 MP: 4/4
  1009 | D:1      | 1009 ||| UPGRADING to +0 leather armour.
  1019 | D:1      | 1019 ||| DROPPING +0 robe.
  1020 | D:1      | 1020 ||| UPGRADING to +0 ring mail.
  1030 | D:1      | 1030 ||| DROPPING +0 leather armour.
  1031 | D:1      | 1031 ||| READING scroll labelled NINKUO EMESUH HAU.
  1032 | D:1      | 1032 ||| READING scroll labelled HICSUAGALO.
  1033 | D:1      | 1033 ||| READING scroll labelled YSENUP APLYDD.
  1034 | D:1      | 1034 ||| READING scroll labelled FUNIBRE QEOSHRO.
  1035 | D:1      | 1035 ||| DROPPING scroll of poison.
  1053 | D:2      | Noticed Sigmund
  1075 | D:2      | HP: 1/21 [Sigmund/+1 scythe of flaming (7)]
  1075 | D:2      | Slain by Sigmund

Levels and vault maps discovered:
D:1:      nicolae_arrival_somewhat_less_tricky_arrival, layout_basic,
          ebering_ecumenical_altar_rust
D:2:      minmay_chambers_of_ones, layout_loops_ring, uniq_sigmund, uniq_jessica

Skill      XL: |  1  2 |
---------------+-------+-----
Ranged Weapons | 3 |  3.0
Fighting       | 2 |  2.0
Dodging        | |  1.5
Spellcasting   | |  1.0
Hexes          | |  2.6

Action                     || total
---------------------------++-------
   Fire: Sling             ||    58
    Use: Scroll            ||     4
 Armour: Robe              ||     3
         Ring mail         ||     3
  Dodge: Dodged            ||    17

Table legend:
 A = Non-vault XP
 B = Vault XP
 C = Vault XP percentage of total XP
 D = Non-vault monster count
 E = Vault monster count
 F = Vault count percentage of total count
                 A         B        C        D         E       F
            +---------+---------+-------+---------+---------+-------
      Total |      35 |       0 |   0.0 |      18 |       0 |   0.0
            +---------+---------+-------+---------+---------+-------
        D:1 |      35 |       0 |   0.0 |      18 |       0 |   0.0
            +---------+---------+-------+---------+---------+-------
